 Dungeon Crawl Stone Soup version 0.32-a0-705-g60f233581c (webtiles) character file.

Game seed: 1196053534187250164

240 shadizar the Magician (level 6, 0/40 HPs)
             Began as a Djinni Earth Elementalist on Mar 14, 2024.
             Slain by an orc wizard
             ... wielding a +0 dagger
              (3 damage)
             ... on level 4 of the Dungeon.
             The game lasted 00:02:17 (2686 turns).

shadizar the Magician (Djinni Earth Elementalist)   Turns: 2686, Time: 00:02:18

Health: 0/40       AC:  3    Str:  7    XL:     6   Next: 29%
Gold:   202        EV: 11    Int: 18    God:
                   SH:  0    Dex: 14

rFire   + + .        e - staff of death
rCold   x . .        (no shield)
rNeg    + . .        a - +0 robe
rPois   ∞            (no helmet)
rElec   .            (no cloak)
rCorr   .            j - +0 pair of gloves
SInv    .            (boots unavailable)
Will    .....        (no amulet)
Stlth   ++           (no ring)
HPRegen 0.26/turn    (no ring)
MPRegen 0.00/turn

%: infuse magic (-1 HP)
@: flying
A: sickness immunity, fire resistance 2, cold vulnerability 1, float, innate
caster, HP casting, extra vitality 1
a: no special abilities


You were on level 4 of the Dungeon.
You visited 1 branch of the dungeon, and saw 4 of its levels.

You collected 202 gold pieces.

Inventory:

Hand Weapons
 r - the +9 trident "Pulad" {pain, rF- rC+ rN++ SInv}
   (You found it on level 3 of the Dungeon)

   rF-:       It makes you vulnerable to fire.
   rC+:       It protects you from cold.
   rN++:      It greatly protects you from negative energy.
   SInv:      It lets you see invisible.
Armour
 a - a +0 robe (worn)
 j - a +0 pair of gloves (worn)
Magical Staves
 e - a staff of death (weapon)
Jewellery
 s - a ring of protection from fire
Scrolls
 d - 3 scrolls of identify {unknown}
 h - a scroll of enchant weapon {unknown}
 i - a scroll of enchant armour {unknown}
 k - a scroll of revelation {unknown}
 l - a scroll of immolation {unknown}
 o - a scroll of poison {unknown}
 v - a scroll of blinking {unknown}
Potions
 b - a potion of resistance {unknown}
 c - 2 potions of might {unknown}
 f - 2 potions of invisibility {unknown}
 g - a potion of brilliance {unknown}
 m - a potion of magic {unknown}
 n - a potion of ambrosia {unknown}
 p - a potion of berserk rage {unknown}
 q - a potion of degeneration {unknown}
 t - 2 potions of lignification {unknown}
 u - a potion of haste {unknown}


   Skills:
 - Level 2.4 Dodging
 - Level 1.8 Stealth
 + Level 5.4 Spellcasting
 + Level 5.4 Conjurations
 + Level 5.4 Hexes
 + Level 5.4 Summonings
 + Level 5.4 Necromancy
 + Level 5.4 Translocations
 + Level 5.4 Fire Magic
 + Level 5.4 Ice Magic
 + Level 5.4 Air Magic
 + Level 5.4 Earth Magic
 + Level 5.4 Alchemy


You knew the following spells:

 Your Spells              Type           Power      Damage    Failure   Level
a - Sandblast             Erth           48%        2d12      1%          1
b - Passwall              Erth           24%        N/A       4%          3
c - Stone Arrow           Conj/Erth      48%        3d10      4%          3
d - Petrify               Alch/Erth      24%        N/A       14%         4
e - Brom's Barrelling Bo  Conj/Erth      24%        2d5       14%         4
f - Sting                 Conj/Alch      96%        1d9       1%          1
g - Mercury Vapours       Alch/Air       48%        N/A       1%          2
Your spell library was empty.

Dungeon Overview and Level Annotations

Branches:
Dungeon (4/15)
 Temple: D:4-7

Altars:
Dithmenos
Nemelex Xobeh
Qazlal
Ru
Yredelemnul
Zin


Innate Abilities, Weirdness & Mutations

You are immune to sickness and miasma.
You are immune to poison.
Your flesh is very heat resistant. (rF++)
You are vulnerable to cold. (rC-)
You float through the air rather than walking.
You learn spells naturally, not from books.
Your magical power is your life essence.
You have superior vitality. (+4 MHP)


Message History

The orc priest looks braver for a moment.
Unknown command.
Unknown command.
Unknown command.
Casting: Stone Arrow (dangerous; 4% risk of failure)
Confirm with . or Enter, or press ? or * to list all spells.
Aiming: Stone Arrow (dangerous; 4% risk of failure)
Press: ? - help, Shift-Dir - straight line, f/p - orc priest
Aim: an orc priest, wielding a +0 club (severely wounded, 71% to hit)
The stone arrow hits the orc priest!
You kill the orc priest!
You hear some strange, mumbled words.
Something tries to affect you, but you resist.
Unknown command.
Unknown command.
Something hits you.
You hit something. Something hits you but does no damage.
You hit something but do no damage. Something barely misses you.
You hit something but do no damage. Something hits you.
You closely miss something. Something hits you.
* * * LOW HITPOINT WARNING * * *
You hit something.
Something writhes in agony.
Something hits you.
* * * LOW HITPOINT WARNING * * *
Something hits you.
* * * LOW HITPOINT WARNING * * *
You closely miss something. Something hits you.
* * * LOW HITPOINT WARNING * * *
Okay, then.
Casting: Stone Arrow (dangerous; 4% risk of failure)
Confirm with . or Enter, or press ? or * to list all spells.
Okay, then.
You miss something. Something hits you.
* * * LOW HITPOINT WARNING * * *
You miss something. Something hits you but does no damage.
You barely miss something. Something hits you but does no damage.
You barely miss something. Something hits you.
* * * LOW HITPOINT WARNING * * *
Something hits you but does no damage.
You miss something. Something hits you.
You die...

...
......>.######.
... #.#.....#..# #
... #.#.#####..#
.# ... #.#
#.....######.##
... ####.#
#.##...........
... ....# #
#.......#.# #.#
#..# #.......#
#..#######.###.###
#....{@..#.# #.#
#)######.#.###.#
... #........#
..... #.####.#####
#...... #......# .
#...... ######.#
## #...... #.#
#...... #.# #.#


There were no monsters in sight!

Vanquished Creatures
  A bullfrog (D:4)
  A howler monkey (D:4)
  An orc priest (D:4)
  A hound (D:3)
  A gnoll (D:1)
  An adder (D:2)
  A ribbon worm (D:4)
  2 orcs
  7 bats
  6 endoplasms
  4 giant cockroaches
  2 hobgoblins
  6 jackals (D:1)
  4 kobolds
  A quokka (D:3)
  6 ball pythons
  A frilled lizard (D:1)
  5 goblins
  7 rats
58 creatures vanquished.

Notes
Turn   | Place    | Note
-------+----------+-------------------------------------------
     0 | D:1      | shadizar the Djinni Earth Elementalist began the quest for
                  | the Orb.
     0 | D:1      | shadizar set off with the following spells memorised:
                  | Sandblast, Passwall, Stone Arrow, Petrify, Brom's
                  | Barrelling Boulder.
     0 | D:1      | Reached XP level 1. HP: 15/15 MP: 0/0
    13 | D:1      | You are sucked into a shaft and drop 1 floor!
    70 | D:1      | Reached XP level 2. HP: 12/21 MP: 0/0
   153 | D:1      | Reached XP level 3. HP: 23/25 MP: 0/0
   153 | D:1      | Learned a level 1 spell: Sting
   976 | D:2      | Reached XP level 4. HP: 18/31 MP: 0/0
  1588 | D:3      | Identified the +9 trident "Pulad" {pain, rF- rC+ rN++ SInv}
  1825 | D:3      | Found a faded altar of an unknown god.
  2132 | D:3      | Found a stormy altar of Qazlal.
  2139 | D:3      | Reached XP level 5. HP: 33/35 MP: 0/0
  2139 | D:3      | Learned a level 2 spell: Mercury Vapours
  2150 | D:3      | Found a basalt altar of Yredelemnul.
  2151 | D:3      | Found a glowing silver altar of Zin.
  2151 | D:3      | Found a shadowy altar of Dithmenos.
  2151 | D:3      | Found a sacrificial altar of Ru.
  2155 | D:3      | Found a sparkling altar of Nemelex Xobeh.
  2663 | D:4      | Noticed a bullfrog
  2666 | D:4      | Killed a bullfrog
  2667 | D:4      | Reached skill level 5 in Spellcasting
  2667 | D:4      | Reached skill level 5 in Conjurations
  2667 | D:4      | Reached skill level 5 in Hexes
  2667 | D:4      | Reached skill level 5 in Summonings
  2667 | D:4      | Reached skill level 5 in Necromancy
  2667 | D:4      | Reached skill level 5 in Translocations
  2667 | D:4      | Reached skill level 5 in Fire Magic
  2667 | D:4      | Reached skill level 5 in Ice Magic
  2667 | D:4      | Reached skill level 5 in Air Magic
  2667 | D:4      | Reached skill level 5 in Earth Magic
  2667 | D:4      | Reached skill level 5 in Alchemy
  2667 | D:4      | Reached XP level 6. HP: 32/40 MP: 0/0
  2686 | D:4      | Slain by an orc wizard

Illustrated notes

Levels and vault maps discovered:
D:1:      dreamdust_arrival_sigmund_warning, layout_loops_ring
D:2:      cheibrodos_old_hovel, layout_basic, amcnicky_mini_corridor_feature,
          nrook_mini_vaults
D:3:      layout_loops_ring, minitemple, shapermc_ecumenical_altar_petra,
          minivault_24, grunt_ministairs_5
D:4:      layout_basic, uniq_ijyb

Skill      XL: |  1  2  3  4  5 |
---------------+----------------+-----
Spellcasting   | 4 5 |  5.4
Conjurations   | 4 5 |  5.4
Hexes          | 4 5 |  5.4
Summonings     | 4 5 |  5.4
Necromancy     | 4 5 |  5.4
Translocations | 4 5 |  5.4
Fire Magic     | 4 5 |  5.4
Ice Magic      | 4 5 |  5.4
Air Magic      | 4 5 |  5.4
Earth Magic    | 4 5 |  5.4
Alchemy        | 4 5 |  5.4
Dodging        | |  2.4
Stealth        | |  1.8

Action                     |  1- 3 |  4- 6 || total
---------------------------+-------+-------++-------
  Melee: Staff             |       |    13 ||    13
   Cast: Sandblast         |    44 |    44 ||    88
         Stone Arrow       |       |     7 ||     7
 Armour: Robe              |    16 |    24 ||    40
  Dodge: Dodged            |    27 |    12 ||    39

Table legend: (Time is in decaauts)
 A = Elapsed time spent in this place.
 B = Non-inter-level travel time spent in this place.
 C = Inter-level travel time spent in this place.
 D = Time resting spent in this place.
 E = Time spent auto-exploring this place.
 F = Levels seen in this place.
 G = Mean time per level.
                   A        B        C        D        E       F      G
               +--------+--------+--------+--------+--------+-----+--------+
         Total |   2731 |   2528 |    203 |      0 |   2193 |   4 |  682.8 |
       Dungeon |   2731 |   2528 |    203 |      0 |   2193 |   4 |  682.8 |
               +--------+--------+--------+--------+--------+-----+--------+

Top non-repeatable levels by time:
     D:1: 838 daAuts
     D:3: 799 daAuts
     D:2: 761 daAuts
     D:4: 331 daAuts
